 Dungeon Crawl Stone Soup version 0.29-a0-1027-gcd8c55af63 (webtiles) character file.

Game seed: 10759449667143791519

68 chakani the Poker (level 4, -1/31 (38) HPs)
             Began as a Meteoran Cinder Acolyte on Aug 12, 2022.
             Was an Elder of Ignis.
             Slain by a hobgoblin (4 damage)
             ... led by Robin
             ... on level 3 of the Dungeon.
             The game lasted 00:02:31 (1686 turns).

chakani the Poker (Meteoran Cinder Acolyte)         Turns: 1686, Time: 00:02:32

HP:   -1/31 (38)    AC: 12    Str: 15    XL:     4   Next: 68%
MP:   7/7           EV: 10    Int: 18    God:    Ignis [****..]
Gold: 82            SH:  0    Dex:  9    Spells: 6/6 levels left

rFire   + . .      SeeInvis .   a - -1 spear (flame)
rCold   . . .      Faith    .   (no shield)
rNeg    . . .      Spirit   .   f - +0 ring mail
rPois   .          Reflect  .   (no helmet)
rElec   .          Harm     .   (no cloak)
rCorr   .          Rampage  .   (no gloves)
Will    .....                   (no boots)
Stlth   ..........              (no amulet)
HPRegen 0.10/turn               (no ring)
MPRegen 0.10/turn               (no ring)

@: fiery-armoured, glowing, heavily drained
A: sense surroundings 1, otherworldly, glowing, explore regen
a: Renounce Religion, Fiery Armour, Foxfire Swarm


You were on level 3 of the Dungeon.
You worshipped Ignis.
Ignis was greatly pleased with you.
You visited 1 branch of the dungeon, and saw 3 of its levels.

You collected 82 gold pieces.

Inventory:

Hand Weapons
 a - a -1 spear of flaming (weapon)
Armour
 b - a +0 robe
 f - a +0 ring mail (worn)
Jewellery
 j - a ring of protection from fire
Scrolls
 c - 2 scrolls of identify {unknown}
 g - a scroll of poison {unknown}
 h - a scroll of butterflies {unknown}
 i - a scroll of torment {unknown}
Potions
 d - a potion of curing {unknown}
 e - a potion of resistance {unknown}
 k - a potion of might {unknown}


   Skills:
 - Level 3.4 Fighting
 + Level 5.6 Polearms
 - Level 1.6 Spellcasting
 - Level 3.8 Fire Magic


You had 6 spell levels left.
You didn't know any spells.
Your spell library contained the following spells:

 Spells                   Type           Power      Damage    Failure   Level
 Scorch                   Fire           30%        2d7       12%         2
 Sublimation of Blood     Necr           1%         N/A       50%         2
 Wereblood                Tmut           1%         N/A       50%         2
 Portal Projectile        Hex/Tloc       2%         N/A       73%         3
 Tukima's Dance           Hex            1%         N/A       73%         3
 Blade Hands              Tmut           0%         N/A       100%        5
 Summon Hydra             Summ           0%         N/A       100%        7


Dungeon Overview and Level Annotations

Branches:
Dungeon (3/15) Zot: 334

Altars:
Vehumet

Annotations:
D:3 Robin


Innate Abilities, Weirdness & Mutations

You passively map a small area around you.
You are easily found by Zot.
You glow in the dark.
You regain HP and MP as you explore.


Message History

You are too injured to fight recklessly!
You are too injured to fight recklessly!
You are too injured to fight recklessly!
You are too injured to fight recklessly!
You are too injured to fight recklessly!
You are too injured to fight recklessly!
Unknown command.
You are too injured to fight recklessly!
You hit the goblin but do no damage. You hit the goblin. You burn the goblin.
You kill the goblin!
The goblin hits you with a +0 dagger.
Things that are here:
a +0 dagger; a goblin corpse Unknown command.
You are too injured to fight recklessly!
You hit the goblin. You burn the goblin.
You kill the goblin!
You barely miss the hobgoblin.
The hobgoblin hits you but does no damage. x2
Items here: )) ††.
Unknown command.
You closely miss the hobgoblin. The hobgoblin barely misses you. x2
You hit the hobgoblin. You burn the hobgoblin. You punch the hobgoblin.
The hobgoblin is heavily wounded.
The hobgoblin hits you.
* * * LOW HITPOINT WARNING * * *
The hobgoblin hits you.
* * * LOW HITPOINT WARNING * * *
Robin flexes a bicep menacingly.
The hobgoblin hits you.
* * * LOW HITPOINT WARNING * * *
A protective cloak of flame settles atop you.
The hobgoblin hits you but does no damage.
The hobgoblin is burned by your cloak of flames.
The hobgoblin is severely wounded.
The hobgoblin closely misses you.
Unknown command.
The hobgoblin hits you.
You die...

* * * * ,** , , ,*
* ##########.####
* *
,#..gg)g@.†.....
.....####g###.###.
, ##.* *##...##, ,
#.....# * * , * *
##...## , ##.## *
, #.# * * #.# , *
, ##'## * *


You could see Robin, 2 hobgoblins and a goblin (strong).

Vanquished Creatures
  An adder (D:2)
  3 dart slugs
  7 orcs (D:3)
  3 endoplasms
  A giant cockroach (D:1)
  7 goblins
  3 hobgoblins
  A quokka (D:2)
  8 ball pythons
  6 bats
  3 frilled lizards
  2 kobolds
45 creatures vanquished.

Vanquished Creatures (others)
  2 orcs (D:3)
  5 foxfires (D:3)
7 creatures vanquished.

Grand Total: 52 creatures vanquished

Notes
Turn   | Place    | Note
-------+----------+-------------------------------------------
     0 | D:1      | chakani the Meteoran Cinder Acolyte began the quest for the
                  | Orb.
     0 | D:1      | Reached XP level 1. HP: 19/19 MP: 3/3
   241 | D:1      | Reached XP level 2. HP: 18/26 MP: 3/5
   306 | D:1      | Reached skill level 4 in Polearms
   446 | D:1      | Reached XP level 3. HP: 19/31 MP: 6/6
   504 | D:1      | Glimpsed the power of Zot.
   554 | D:1      | Glimpsed the power of Zot.
   594 | D:1      | Glimpsed the power of Zot.
   604 | D:1      | Touched by the power of Zot.
   705 | D:1      | Glimpsed the power of Zot.
   756 | D:1      | Glimpsed the power of Zot.
  1033 | D:2      | Found a faded altar of an unknown god.
  1310 | D:2      | Glimpsed the power of Zot.
  1361 | D:2      | Glimpsed the power of Zot.
  1362 | D:2      | Reached skill level 5 in Polearms
  1394 | D:3      | Reached XP level 4. HP: 29/29 MP: 7/7
  1434 | D:3      | Found a radiant altar of Vehumet.
  1659 | D:3      | Noticed Robin
  1686 | D:3      | Slain by a hobgoblin

Illustrated notes

Levels and vault maps discovered:
D:1:      scummos_arrival_gate, layout_loops_corners, minmay_pentomino_x2
D:2:      layout_loops_ring, hellmonk_ecumenical_altar_heavens_door
D:3:      layout_loops_corners, fiery_altar_vehumet,
          hangedman_decor_diamond_cutter, minmay_misc_feat_pillars,
          kennysheep_cross_room, minmay_crystal_water, uniq_grinder, uniq_robin,
          uniq_ijyb

Skill      XL: |  1  2  3 |
---------------+----------+-----
Polearms       | 4 5 |  5.6
Fighting       | |  3.4
Spellcasting   | |  1.6
Fire Magic     | |  3.8

Action                   |  1- 3 |  4- 6 || total
-------------------------+-------+-------++-------
Melee: Spear             |    98 |    62 ||   160
       Punch             |     1 |     1 ||     2
Invok: Fiery Armour      |       |     2 ||     2
       Foxfire Swarm     |       |     1 ||     1
       Rising Flame      |       |     1 ||     1
Armor: Robe              |    13 |       ||    13
       Ring mail         |     8 |    22 ||    30
Dodge: Dodged            |    30 |    16 ||    46

Table legend: (Time is in decaauts)
 A = Elapsed time spent in this place.
 B = Non-inter-level travel time spent in this place.
 C = Inter-level travel time spent in this place.
 D = Time resting spent in this place.
 E = Time spent auto-exploring this place.
 F = Levels seen in this place.
 G = Mean time per level.
                   A        B        C        D        E       F      G
               +--------+--------+--------+--------+--------+-----+--------+
         Total |   1664 |   1519 |    145 |      0 |   1174 |   3 |  554.7 |
       Dungeon |   1664 |   1519 |    145 |      0 |   1174 |   3 |  554.7 |
               +--------+--------+--------+--------+--------+-----+--------+

Top non-repeatable levels by time:
     D:1: 769 daAuts
     D:2: 687 daAuts
     D:3: 207 daAuts
